 Dungeon Crawl Stone Soup version 0.28-a0-1130-gc51a68064b (webtiles) character file.

Game seed: 3250738839519210208

2000 flotson the Magician (level 9, -5/51 HPs)
             Began as a Deep Elf Conjurer on Dec 12, 2021.
             Slain by an orc warrior (13 damage)
             ... on level 6 of the Dungeon.
             The game lasted 00:23:43 (7992 turns).

flotson the Magician (Deep Elf Conjurer)            Turns: 7992, Time: 00:23:44

Health: -5/51      AC:  3    Str:  6    XL:     9   Next: 2%
Magic:  5/21       EV: 14    Int: 26    God:
Gold:   337        SH:  4    Dex: 13    Spells: 2/21 levels left

rFire   . . .      SeeInvis .   a - +1 dagger (elec)
rCold   + . .      Faith    .   n - +0 buckler "Jasir" {Regen+ rCorr}
rNeg    . . .      Spirit   .   i - +0 robe
rPois   .          Reflect  .   (no helmet)
rElec   .          Harm     .   (no cloak)
rCorr   +          Rampage  .   q - +0 pair of gloves
Will    .....                   (no boots)
Stlth   ++........              (no amulet)
HPRegen 0.97/turn               m - ring of protection from cold
MPRegen 0.17/turn               (no ring)

@: no status effects
A: no striking features
a: no special abilities


You were on level 6 of the Dungeon.
You visited 1 branch of the dungeon, and saw 6 of its levels.

You collected 350 gold pieces.
You spent 13 gold pieces at shops.

Inventory:

Hand Weapons
 a - a +1 dagger of electrocution (weapon)
Missiles
 h - 6 javelins (quivered)
 l - 2 curare-tipped darts
 o - 3 boomerangs
Armour
 i - a +0 robe (worn)
 n - the +0 buckler "Jasir" (worn) {Regen+ rCorr}
   (You found it on level 4 of the Dungeon)

   Regen:     It increases your rate of health regeneration.
   rCorr:     It protects you from acid and corrosion.
 q - a +0 pair of gloves (worn)
Jewellery
 m - a ring of protection from cold (left hand)
Wands
 p - a wand of digging (6)
Scrolls
 b - 6 scrolls of teleportation
 c - a scroll of fog {unknown}
 d - 3 scrolls of enchant weapon {unknown}
 e - 2 scrolls of noise {unknown}
 j - a scroll of amnesia {unknown}
 k - 4 scrolls of identify {unknown}
 s - a scroll of blinking {unknown}
Potions
 f - a potion of ambrosia {unknown}
 g - a potion of brilliance {unknown}
 r - a potion of mutation {unknown}


   Skills:
 + Level 3.5 Fighting
 - Level 2.3 Throwing
 - Level 2.4 Armour
 + Level 6.0 Dodging
 - Level 2.4 Stealth
 * Level 2.8 Shields
 + Level 6.7 Spellcasting
 + Level 6.7 Conjurations
 + Level 3.8 Hexes
 + Level 3.2 Translocations


You had 2 spell levels left.
You knew the following spells:

 Your Spells              Type           Power      Damage    Failure   Level
a - Magic Dart            Conj           100%       1d8       1%          1
b - Searing Ray           Conj           86%        2d7       1%          2
c - Dazzling Flash        Conj/Hex       72%        N/A       2%          3
d - Iskenderun's Mystic   Conj/Tloc      34%        2d8       10%         4
e - Fulminant Prism       Conj/Hex       18%        3d11      9%          4
f - Blink                 Tloc           50%        N/A       3%          2
g - Lesser Beckoning      Tloc           25%        N/A       6%          3

Your spell library contained the following spells:

 Spells                   Type           Power      Damage    Failure   Level
 Manifold Assault         Tloc           25%        N/A       50%         5


Dungeon Overview and Level Annotations

Branches:
Dungeon (6/15)
 Temple: D:4-7

Altars:
The Shining One

Shops:
D:4 (

Annotations:
D:6 Blork the orc, Edmund, Maggie


Message History

Aim: an orc warrior, wielding a +0 glaive and wearing a +0 chain mail (moderately wounded, 80% to hit)
The searing ray hits the orc warrior.
The orc warrior is heavily wounded. (Press . to maintain the ray.)
The orc wizard shouts!
The orc warrior hits you from afar with a +0 glaive!
The searing ray hits the orc warrior but does no damage.
The orc warrior is heavily wounded.
The searing ray hits the orc wizard!
The orc wizard is heavily wounded.
The orc warrior misses you.
The searing ray hits the orc warrior but does no damage.
The orc warrior is heavily wounded.
The searing ray hits the orc wizard.
The orc wizard is almost dead.
The orc warrior hits you from afar with a +0 glaive.
The searing ray hits the orc warrior but does no damage.
The orc warrior is heavily wounded.
The searing ray hits the orc wizard.
You kill the orc wizard!
You finish channelling your searing ray.
The orc warrior barely misses you.
Casting: Searing Ray (safe; 1% risk of failure)
Confirm with . or Enter, or press ? or * to list all spells.
Aiming: Searing Ray (safe; 1% risk of failure)
Press: ? - help, Shift-Dir - straight line, f/p - orc warrior
Aim: an orc warrior, wielding a +0 glaive and wearing a +0 chain mail (heavily wounded, 80% to hit)
The searing ray hits the orc warrior.
The orc warrior is severely wounded. (Press . to maintain the ray.)
The orc warrior hits you from afar with a +0 glaive.
* * * LOW HITPOINT WARNING * * *
The searing ray hits the orc warrior but does no damage.
The orc warrior is severely wounded.
The orc warrior hits you from afar with a +0 glaive!
* * * LOW HITPOINT WARNING * * *
The searing ray hits the orc warrior.
The orc warrior is severely wounded.
The orc warrior hits you from afar with a +0 glaive!
You die...

###≈≈≈ .# # .##.....
≈≈≈≈≈≈≈≈ .##. .........
≈≈≈≈≈≈ ....
.#......≈###≈≈≈≈###≈..#
.#......#...#≈≈#...#..##
.#......#.⌠.#..#.⌠.#...
.#..)...#...#..#...#.######
.#.......###...)###.......o
.#..............@.o).######
.#.........#########..#
.#.........# #.#
....†......# .#
#.#####....# ..
#..####....# ....... .....
#)....#....# ....... #.....
#.#..####### #
......##..... #)...# ..
............


You could see an orc warrior.

Vanquished Creatures
  A water moccasin (D:5)
  Duvessa (D:4)
  A black bear (D:5)
  2 ice beasts
  An ogre (D:4)
  2 necrophages
  A phantom (D:4)
  Dowan (D:4)
  An electric eel (D:6)
  5 wights (D:6)
  A howler monkey (D:5)
  4 orc priests
  A hound (D:6)
  A jelly (D:6)
  A centaur skeleton (D:4)
  2 iguanas (D:5)
  Natasha (thrice) (D:4)
  6 orc wizards
  A scorpion zombie (D:5)
  A hound skeleton (D:3)
  2 howler monkey zombies
  7 adders
  11 gnolls
  2 adder skeletons (D:4)
  2 worms
  36 orcs
  2 ball pythons
  4 bats
  4 endoplasms
  2 goblins
  7 hobgoblins
  9 jackals
  7 kobolds
  8 quokkas
  6 frilled lizards
  5 rats
151 creatures vanquished.

Notes
Turn   | Place    | Note
-------+----------+-------------------------------------------
     0 | D:1      | flotson the Deep Elf Conjurer began the quest for the Orb.
     0 | D:1      | Reached XP level 1. HP: 10/10 MP: 6/6
   216 | D:1      | Reached XP level 2. HP: 15/15 MP: 6/8
   219 | D:1      | Learned a level 2 spell: Searing Ray
  1299 | D:2      | Reached XP level 3. HP: 20/20 MP: 6/9
  1529 | D:2      | Found a faded altar of an unknown god.
  1551 | D:2      | Reached skill level 1 in Fighting
  1551 | D:2      | Reached skill level 1 in Armour
  1687 | D:2      | Reached XP level 4. HP: 22/25 MP: 7/11
  1745 | D:2      | Learned a level 3 spell: Dazzling Flash
  1766 | D:2      | Learned a level 4 spell: Iskenderun's Mystic Blast
  2472 | D:3      | Reached skill level 5 in Conjurations
  2566 | D:3      | Reached XP level 5. HP: 29/29 MP: 8/13
  2756 | D:3      | You fall into a shaft and drop 1 floor!
  2756 | D:4      | Found a glowing golden altar of the Shining One.
  3484 | D:4      | Found Kecuetol's Weapon Shoppe.
  3492 | D:4      | Bought 2 curare-tipped darts for 13 gold pieces
  3525 | D:4      | Reached skill level 1 in Throwing
  3757 | D:4      | Reached XP level 6. HP: 35/35 MP: 8/14
  4378 | D:4      | Reached skill level 5 in Spellcasting
  4865 | D:4      | Noticed Duvessa
  4865 | D:4      | Noticed Dowan
  4881 | D:4      | Killed Duvessa
  4882 | D:4      | Reached XP level 7. HP: 34/40 MP: 5/16
  4992 | D:4      | Killed Dowan
  5006 | D:4      | Identified the +0 buckler "Jasir" {Regen+ rCorr}
  5018 | D:4      | Learned a level 4 spell: Fulminant Prism
  5174 | D:4      | Noticed Natasha
  5179 | D:4      | Killed Natasha
  5203 | D:4      | Noticed Natasha
  5206 | D:4      | Killed Natasha
  5320 | D:4      | Found Kecuetol's Weapon Shoppe.
  5347 | D:4      | Noticed Natasha
  5359 | D:4      | Killed Natasha
  5388 | D:4      | Found a glowing golden altar of the Shining One.
  5979 | D:5      | Entered Level 5 of the Dungeon
  6055 | D:4      | Reached skill level 1 in Hexes
  6160 | D:5      | Reached skill level 5 in Dodging
  6160 | D:5      | Reached skill level 1 in Translocations
  6247 | D:5      | Reached skill level 1 in Shields
  6383 | D:5      | Reached XP level 8. HP: 45/45 MP: 10/18
  6643 | D:5      | Learned a level 2 spell: Blink
  7435 | D:6      | Noticed Maggie
  7435 | D:6      | Noticed Edmund
  7441 | D:6      | Noticed Blork the orc
  7724 | D:6      | Learned a level 3 spell: Lesser Beckoning
  7945 | D:6      | Reached XP level 9. HP: 50/51 MP: 14/21
  7992 | D:6      | Slain by an orc warrior

Illustrated notes

Levels and vault maps discovered:
D:1:      mrwooster_arrival_statue_3, layout_loops_corners
D:2:      layout_basic, hellmonk_ecumenical_altar_zigzags,
          amcnicky_mini_pool_small
D:3:      layout_basic
D:4:      layout_basic, amcnicky_altar_gilded, serial_co_window_serial,
          co_window_paths_b, co_window_paths_b, co_window_paths_a,
          co_window_paths_a, co_window_corner_a, co_window_corner_a,
          co_window_of_opportunity_a, co_window_broadway_c,
          co_window_broadway_a, co_window_corner_cb, co_window_broadway_b,
          co_window_broadway_b, glass_columns_b, glass_columns_c,
          glass_columns_c, glass_columns_c, serial_shops,
          nicolae_shop_bloodbath_and_beyond, uniq_duvessa, uniq_natasha
D:5:      layout_loops_ring
D:6:      layout_basic, serial_shops, shop, grunt_ministairs_10,
          minmay_misc_feat_rugged, minmay_hedge_maze, fountainhead, uniq_maggie,
          uniq_blork_the_orc, uniq_edmund

Skill      XL: |  1  2  3  4  5  6  7  8 |
---------------+-------------------------+-----
Dodging        | 3 4 5 6 |  6.0
Fighting       | 1 2 3 |  3.5
Armour         | 1 2 |  2.4
Spellcasting   | 4 5 6 |  6.7
Conjurations   | 5 6 |  6.7
Throwing       | 1 2 |  2.3
Hexes          | 2 3 |  3.8
Translocations | 1 3 |  3.2
Shields        | 1 2 |  2.8
Stealth        | |  2.4

Action                   |  1- 3 |  4- 6 |  7- 9 || total
-------------------------+-------+-------+-------++-------
Melee: Dagger            |       |     4 |    26 ||    30
Throw: Dart              |       |     2 |     3 ||     5
       Javelin           |       |       |     4 ||     4
 Cast: Magic Dart        |    64 |   130 |    76 ||   270
       Searing Ray       |     1 |    16 |    40 ||    57
       Iskenderun's Myst |       |     1 |       ||     1
  Use: Scroll            |       |       |     2 ||     2
 Stab: Sleeping          |       |       |     1 ||     1
Armor: Robe              |       |     5 |     9 ||    14
Dodge: Dodged            |     3 |    26 |    38 ||    67
Block: Buckler           |       |       |     7 ||     7

Table legend: (Time is in decaauts)
 A = Elapsed time spent in this place.
 B = Non-inter-level travel time spent in this place.
 C = Inter-level travel time spent in this place.
 D = Time resting spent in this place.
 E = Time spent auto-exploring this place.
 F = Levels seen in this place.
 G = Mean time per level.
                   A        B        C        D        E       F      G
               +--------+--------+--------+--------+--------+-----+--------+
         Total |   8001 |   7807 |    194 |    495 |   6292 |   6 | 1333.5 |
       Dungeon |   8001 |   7807 |    194 |    495 |   6292 |   6 | 1333.5 |
               +--------+--------+--------+--------+--------+-----+--------+

Top non-repeatable levels by time:
     D:4: 2675 daAuts
     D:5: 1283 daAuts
     D:3: 1197 daAuts
     D:1: 1177 daAuts
     D:2: 1060 daAuts
     D:6: 607 daAuts
